AoeStats
← abov3n

MegaRandom

504878954Analyzed
4v4 RM · 25d ago on Sep 6, 2026· 62m 26s· 8 players
Game mode
Random Map
Map size
Large (8 player)
Population
200
Speed
Normal
Resources
Standard
Victory
Conquest
Starting age
Dark Age
Ending age
Imperial Age
RankedLock teamsTeams togetherTeam positionsShared explorationLock speedFull tech treeHidden civsTurbo modeCheats
Victory
Defeat
🇲🇽 Wei · Mexico
1187
+13
🇨🇴 Malay · Colombia
1182
+13
🇺🇸 Burmese · United States
1153
+14
🇧🇷 Britons · Brazil
1081
+17
🇪🇨 Portuguese · Ecuador
1131
-15
🇬🇧 Jurchens · United Kingdom
1130
-15
🇺🇸 Mongols · United States
1113
-14
🇺🇦 Huns · Ukraine
1078
-13
Sulzmania
0:31 Loom
8:50 Feudal Age
9:20 Double-Bit Axe
12:37 Forging
20:08 Castle Age
18:59 Loom
21:05 Bow Saw
21:33 Wheelbarrow
20:43 Town Watch
23:28 Horse Collar
25:25 Heavy Plow
25:43 Stone Mining
25:47 Gold Mining
26:35 Fervor
28:28 Hand Cart
28:56 Gold Shaft Mining
30:41 Devotion
33:14 Imperial Age
31:52 Caravan
33:26 Stone Shaft Mining
32:55 Fortified Bastions
33:01 Fletching
33:44 Masonry
35:15 Two-Man Saw
34:46 Crop Rotation
34:15 Bodkin Arrow
34:26 Scale Barding Armor
34:56 Iron Casting
34:54 Architecture
35:07 Ballistics
34:59 Scale Mail Armor
35:52 Squires
35:41 Gambesons
37:37 Blast Furnace
38:35 Chain Mail Armor
39:09 Bracer
40:30 Conscription
40:30 Elite Fire Lancer
42:50 Guilds
43:53 Hoardings
43:41 Chain Barding Armor
43:23 Husbandry
43:33 Bloodlines
43:18 Capped Ram
45:39 Town Patrol
45:40 Arson
45:16 Pikeman
45:27 Elite Iron Pagoda
45:57 Halberdier
47:33 Plate Barding Armor
48:00 Chemistry
49:06 Light Cavalry
52:39 Siege Engineers
54:14 Herbal Medicine
55:50 Siege Ram
dannyicecold69
10:32 Feudal Age
15:12 Forging
15:08 Scale Barding Armor
21:43 Double-Bit Axe
21:42 Horse Collar
26:36 Castle Age
24:30 Gold Mining
26:14 Fletching
28:32 Wheelbarrow
30:32 Light Cavalry
31:09 Bodkin Arrow
31:14 Padded Archer Armor
33:38 Leather Archer Armor
39:02 Bow Saw
39:11 Heavy Plow
40:32 Hand Cart
44:36 Gold Shaft Mining
46:07 Elite Skirmisher
46:54 Thumb Ring
48:05 Ballistics
53:37 Imperial Age
53:21 Iron Casting
53:06 Chain Barding Armor
54:43 Conscription
Andrxuv
11:11 Feudal Age
16:18 Castle Age
27:57 Marauders
34:14 Husbandry
34:25 Bloodlines
34:25 Scale Barding Armor
34:31 Forging
MXZ01
0:26 Loom
12:00 Feudal Age
14:12 Fletching
14:46 Padded Archer Armor
20:05 Castle Age
18:19 Horse Collar
20:00 Double-Bit Axe
20:23 Crossbowman
21:00 Pikeman
24:30 Thumb Ring
25:46 Ballistics
25:50 Gold Mining
27:53 Wheelbarrow
37:12 Imperial Age
35:55 Bodkin Arrow
36:36 Forging
37:22 Arbalester
39:10 Chemistry
39:34 Bracer
41:32 Leather Archer Armor
45:27 Conscription
46:35 Iron Casting
48:41 Halberdier
52:26 Elite Skirmisher
55:45 Blast Furnace
55:17 Ring Archer Armor
61:58 Onager
jorgeage34
7:04 Loom
9:31 Feudal Age
10:12 Horse Collar
11:53 Double-Bit Axe
15:39 Bloodlines
26:07 Castle Age
24:29 Stone Mining
24:43 Gold Mining
27:16 Fletching
27:29 Heavy Plow
27:53 Scale Barding Armor
27:45 Fletching
28:08 Forging
28:06 Husbandry
31:55 Chain Barding Armor
32:20 Fletching
33:11 Wheelbarrow
36:09 Stone Shaft Mining
35:50 Bow Saw
37:08 Hand Cart
37:29 Bodkin Arrow
37:35 Padded Archer Armor
40:18 Imperial Age
37:37 Town Watch
38:19 Tuntian
39:11 Leather Archer Armor
38:57 Scale Mail Armor
39:26 Thumb Ring
40:07 Gold Shaft Mining
41:36 Crop Rotation
41:31 Conscription
41:39 Ming Guang Armor
42:06 Chain Mail Armor
42:59 Parthian Tactics
42:04 Pikeman
42:45 Squires
43:50 Bracer
45:38 Iron Casting
44:27 Heavy Hei Guang Cavalry
45:30 Murder Holes
47:19 Chemistry
46:40 Ballistics
51:15 Elite Skirmisher
52:21 Caravan
53:20 Treadmill Crane
54:51 Ring Archer Armor
55:22 Blast Furnace
53:58 Heavy Scorpion
58:19 Masonry
58:20 Fortified Wall
61:53 Light Cavalry
Lord Tay
0:50 Loom
14:15 Feudal Age
15:52 Wheelbarrow
15:02 Town Watch
17:35 Fishing Lines
20:57 Castle Age
22:11 Gillnets
23:59 Padded Archer Armor
24:13 Town Patrol
27:04 Fervor
27:15 Sanctity
27:37 Redemption
29:34 Bloodlines
29:25 Husbandry
29:58 Hand Cart
35:40 Imperial Age
38:09 Imperial Age
38:24 Elite Arambai
39:25 Conscription
41:07 Parthian Tactics
41:16 Light Cavalry
43:41 Hussar
51:39 Caravan
55:12 Capped Ram
abov3n
4:52 Loom
10:58 Feudal Age
14:40 Horse Collar
17:25 Castle Age
16:16 Double-Bit Axe
22:03 Crossbowman
25:49 Gold Mining
27:16 Wheelbarrow
27:21 Heavy Plow
27:46 Fletching
27:56 Padded Archer Armor
28:43 Bow Saw
29:32 Bodkin Arrow
31:00 Leather Archer Armor
31:09 Ballistics
30:30 Treadmill Crane
30:28 Pikeman
32:57 Hand Cart
34:26 Forging
34:16 Scale Mail Armor
39:26 Iron Casting
39:07 Chain Mail Armor
41:59 Imperial Age
42:54 Gold Shaft Mining
42:28 Squires
42:14 Arson
42:06 Arbalester
43:48 Chemistry
42:13 Halberdier
46:05 Bracer
46:35 Ring Archer Armor
47:05 Blast Furnace
46:36 Plate Mail Armor
51:54 Elite Longbowman
54:29 Two-Man Saw
CC182
4:29 Loom
11:05 Feudal Age
10:47 Town Watch
11:17 Horse Collar
11:26 Double-Bit Axe
20:36 Castle Age
30:26 Thalassocracy
30:58 Fletching
31:31 Bow Saw
32:30 Bodkin Arrow
35:34 Ballistics
35:25 Masonry
35:11 Murder Holes
41:00 Imperial Age
39:22 Treadmill Crane
40:15 Forging
40:39 Forced Levy
41:00 Conscription
41:26 Wheelbarrow
41:27 Bracer
42:57 Iron Casting
42:54 Squires
42:42 Arson
42:20 Man-at-Arms
43:25 Long Swordsman
45:09 Blast Furnace
44:29 Two-Handed Swordsman
60:35 Heavy Plow
61:22 Hand Cart
61:39 Fishing Lines
Connection lost

Rejoining the realm…

Still unreachable

The connection could not be restored.

Session expired

The server has moved on; the page needs a fresh start.